 Dungeon Crawl Stone Soup version 0.30-a0-760-g5a9884bb7c (webtiles) character file.

Game seed: 15700228366503046410

434 Dittersdorf the Covered (level 7, -2/44 HPs)
             Began as a Gargoyle Fighter on Feb 10, 2023.
             Was a Follower of Okawaru.
             Splashed by a jelly's acid (3 damage)
             ... on level 4 of the Dungeon.
             The game lasted 00:02:28 (2399 turns).

Dittersdorf the Covered (Gargoyle Fighter)          Turns: 2399, Time: 00:02:28

Health: -2/44      AC:  2    Str: 21    XL:     7   Next: 0%
Magic:  7/7        EV:  7    Int:  9    God:    Okawaru [*.....]
Gold:   262        SH:  4    Dex:  9    Spells: 6/6 levels left

rFire   . . .      SeeInvis .    a - +0 flail
rCold   . . .      Faith    .    c - +0 buckler
rNeg    + . .      Spirit   .    n - +0 chain mail of Sunlight {Rampage Regen+}
rPois   ∞          Reflect  .    (no helmet)
rElec   +          Harm     .    (no cloak)
rCorr   .          Rampage  +    (no gloves)
Will    .....                    (no boots) Stlth
                                 (no amulet)
HPRegen 1.07/turn                (no ring)
MPRegen 0.10/turn                (no ring)

@: corroded
A: sickness immunity, AC +4, negative energy resistance 1, electricity
resistance, torment resistance 1, petrification resistance
a: Renounce Religion, Heroism


You were on level 4 of the Dungeon.
You worshipped Okawaru.
Okawaru was aware of your devotion.
You visited 1 branch of the dungeon, and saw 4 of its levels.

You collected 262 gold pieces.

Inventory:

Hand Weapons
 a - a +0 flail (weapon)
Armour
 c - a +0 buckler (worn)
 n - the +0 chain mail of Sunlight (worn) {Rampage Regen+}
   (You found it on level 2 of the Dungeon)

   Regen:     It increases your rate of health regeneration.
   Rampage:   It bestows one free step when moving towards enemies.
Jewellery
 v - a ring of ice
Wands
 w - a wand of flame (25)
Scrolls
 b - a scroll of blinking {unknown}
 i - a scroll of noise {unknown}
 j - 2 scrolls of teleportation {unknown}
 k - a scroll of fog {unknown}
 l - a scroll of vulnerability {unknown}
 m - 4 scrolls of identify {unknown}
 o - a scroll of torment {unknown}
 q - a scroll of amnesia {unknown}
 r - a scroll of immolation {unknown}
 t - a scroll of enchant weapon {unknown}
Potions
 d - 2 potions of might
 e - a potion of flight {unknown}
 f - a potion of cancellation {unknown}
 g - a potion of brilliance {unknown}
 h - 2 potions of curing {unknown}
 p - a potion of berserk rage {unknown}
 s - a potion of magic {unknown}
 u - a potion of mutation {unknown}
 x - a potion of resistance {unknown}


   Skills:
 + Level 5.0 Fighting
 + Level 3.9 Maces & Flails
 + Level 5.0 Armour
 + Level 5.0 Shields


You had 6 spell levels left.
You didn't know any spells.
Your spell library contained the following spells:

 Spells                   Type           Power      Damage    Failure   Level
 Blink                    Tloc           0%         N/A       100%        2
 Lesser Beckoning         Tloc           0%         N/A       100%        2
 Momentum Strike          Conj/Tloc      0%         3d8       100%        2
 Dazzling Flash           Conj/Hex       0%         N/A       100%        3
 Iskenderun's Mystic Bla  Conj/Tloc      0%         2d3       100%        4
 Passage of Golubria      Tloc           0%         N/A       100%        4
 Yara's Violent Unravell  Hex/Tmut       0%         3d3       100%        5
 Starburst                Conj/Fire      0%         6d3       100%        6
 Tukima's Dance           Hex            Unusable   N/A       N/A         3

Dungeon Overview and Level Annotations

Branches:
Dungeon (4/15)
 Temple: D:4-7

Altars:
Okawaru
Xom

Shops:
D:2 :


Innate Abilities, Weirdness & Mutations

You are immune to sickness and miasma.
Your stone body is resilient. (AC +4)
You are immune to poison.
You resist negative energy. (rN+)
You are resistant to electric shocks. (rElec)
You are resistant to unholy torment.
You are immune to petrification.


Message History

No target in view!
m - 4 scrolls labelled DANLAGUGIRI (gained 1)
A jelly comes into view.
The jelly quivers.
You see here 7 gold pieces.
A jelly is nearby!
You rampage towards the jelly!
You rampage towards the jelly!
The jelly barely misses you.
You hit the jelly.
Your hands burn!
The jelly is moderately wounded.
The jelly hits you. The acid corrodes you!
You are splashed with acid!
The jelly hits you but does no damage.
You hit the jelly.
Your hands burn!
The jelly is heavily wounded.
The jelly hits you.
You are splashed with acid!
You hit the jelly but do no damage. The acid corrodes you!
Your hands burn!
The jelly is heavily wounded.
The jelly barely misses you.
You are too injured to fight recklessly!
You are too injured to fight recklessly!
You are too injured to fight recklessly!
You are too injured to fight recklessly!
You are too injured to fight recklessly!
You are too injured to fight recklessly!
You are too injured to fight recklessly!
You are too injured to fight recklessly!
You are too injured to fight recklessly!
A jelly is nearby!
You are too injured to fight recklessly!
You sock the jelly!
Your hands burn!
The jelly is almost dead.
The jelly hits you. The acid corrodes you!
You are splashed with acid.
You barely miss the jelly.
The jelly is almost dead.
The jelly hits you.
* * * LOW HITPOINT WARNING * * *
You are splashed with acid!
* * * LOW HITPOINT WARNING * * *
You hit the jelly but do no damage.
Your hands burn!
You die...

#.......'........#..
#.###...####.....###
#.# #......'........
#.# #...#..#.....###
#.###...#..#.....#
#.#.#...#>.......#
#.#.#...#..#.....###
#.#J#.......(##..#..
#.#@######..........
#.#.................
#.#.######...###....
#######.#.#
#..........
#.......#$#
#.........#
###.#####.#
#.......... #.# #.#
#........#. #.# #.#
#..#####.#. #.#
#.######..#####†#.


You could see a jelly.

Vanquished Creatures
  Menkaure (D:4)
  Blork the orc (D:4)
  2 jellies (D:3)
  Natasha (thrice) (D:4)
  5 adders
  A worm (D:2)
  4 bats (D:2)
  4 endoplasms
  A giant cockroach (D:2)
  2 hobgoblins
  9 jackals
  4 quokkas
  4 ball pythons
  2 frilled lizards (D:2)
  8 goblins
  8 kobolds
  3 rats
62 creatures vanquished.

Notes
Turn   | Place    | Note
-------+----------+-------------------------------------------
     0 | D:1      | Dittersdorf the Gargoyle Fighter began the quest for the
                  | Orb.
     0 | D:1      | Reached XP level 1. HP: 14/14 MP: 1/1
   191 | D:1      | Reached XP level 2. HP: 19/19 MP: 2/2
   640 | D:2      | Reached XP level 3. HP: 24/24 MP: 3/3
   782 | D:2      | Identified the +0 chain mail of Sunlight {Rampage Regen+}
   855 | D:2      | Found Doist's Book Shoppe.
  1132 | D:3      | Reached XP level 4. HP: 29/29 MP: 4/4
  1270 | D:3      | Found an iron altar of Okawaru.
  1361 | D:3      | Became a worshipper of Warmaster Okawaru
  1375 | D:3      | Found a faded altar of an unknown god.
  1521 | D:3      | Found a shimmering altar of Xom.
  1748 | D:3      | Reached XP level 5. HP: 26/33 MP: 5/5
  1822 | D:4      | Noticed Blork the orc
  1891 | D:4      | Noticed Natasha
  1901 | D:4      | Killed Natasha
  1955 | D:4      | Noticed Menkaure
  1963 | D:4      | Killed Menkaure
  1963 | D:4      | Reached * piety under Okawaru
  1964 | D:4      | Reached XP level 6. HP: 26/39 MP: 6/6
  2025 | D:4      | Noticed Natasha
  2031 | D:4      | Killed Natasha
  2038 | D:4      | Killed Blork the orc
  2216 | D:4      | Reached skill level 5 in Armour
  2217 | D:4      | Noticed Natasha
  2226 | D:4      | Reached skill level 5 in Fighting
  2236 | D:4      | Killed Natasha
  2237 | D:4      | Reached skill level 5 in Shields
  2258 | D:4      | Reached XP level 7. HP: 44/44 MP: 7/7
  2398 | D:4      | HP: 1/44 [acid (12)]
  2399 | D:4      | Splashed by a jelly's acid

Illustrated notes

Levels and vault maps discovered:
D:1:      dpeg_arrival_rooms_c, layout_rooms, minivault_19
D:2:      layout_rooms, serial_shops,
          nicolae_shop_temple_entry_statues_fountains
D:3:      layout_loops_ring, dk_xom_monty_hall, lemuel_tele_altar,
          ebering_ecumenical_altar_webs
D:4:      layout_basic, uniq_blork_the_orc, uniq_natasha, uniq_duvessa,
          uniq_menkaure

Skill      XL: |  1  2  3  4  5  6 |
---------------+-------------------+-----
Armour         | 4 5 |  5.0
Fighting       | 4 5 |  5.0
Shields        | 4 5 |  5.0
Maces & Flails | 3 |  3.9

Action                     |  1- 3 |  4- 6 |  7- 9 || total
---------------------------+-------+-------+-------++-------
  Melee: Flail             |    98 |   138 |     7 ||   243
 Armour: Scale mail        |    48 |       |       ||    48
         Chain mail        |     7 |   101 |     1 ||   109
  Dodge: Dodged            |    56 |    44 |     2 ||   102
  Block: Buckler           |    19 |    40 |       ||    59

Table legend: (Time is in decaauts)
 A = Elapsed time spent in this place.
 B = Non-inter-level travel time spent in this place.
 C = Inter-level travel time spent in this place.
 D = Time resting spent in this place.
 E = Time spent auto-exploring this place.
 F = Levels seen in this place.
 G = Mean time per level.
                   A        B        C        D        E       F      G
               +--------+--------+--------+--------+--------+-----+--------+
         Total |   2471 |   2342 |    129 |     62 |   1712 |   4 |  617.8 |
       Dungeon |   2471 |   2342 |    129 |     62 |   1712 |   4 |  617.8 |
               +--------+--------+--------+--------+--------+-----+--------+

Top non-repeatable levels by time:
     D:3: 765 daAuts
     D:2: 589 daAuts
     D:4: 571 daAuts
     D:1: 546 daAuts
